 Dungeon Crawl Stone Soup version 0.31-a0-267-g3fc6992b3b (webtiles) character file.

Game seed: 9772836155565336337

20 qw the Shooter (level 2, -1/16 HPs)
             Began as a Gargoyle Hexslinger on July 14, 2023.
             Killed from afar by Ijyb (4 damage)
             ... with a puff of flame
             ... on level 3 of the Dungeon.
             The game lasted 00:00:14 (697 turns).

qw the Shooter (Gargoyle Hexslinger)                 Turns: 697, Time: 00:00:14

Health: -1/16      AC:  5    Str: 11    XL:     2   Next: 79%
Magic:  3/3        EV: 11    Int: 13    God:
Gold:   32         SH:  0    Dex: 12    Spells: 2/3 levels left

rFire   . . .        Y - +1 sling
rCold   . . .        (no shield)
rNeg    + . .        f - +0 leather armour
rPois   inf          (no helmet)
rElec   +            (no cloak)
rCorr   +            (no gloves)
SInv    .            (no boots)
Will    .....        (no amulet)
Stlth   +            h - ring of resist corrosion
HPRegen 0.22/turn    (no ring)
MPRegen 0.08/turn

%: no passive effects
@: no status effects
A: sickness immunity, AC +2, negative energy resistance 1, electricity
resistance, torment resistance 1, petrification resistance
a: no special abilities


You were on level 3 of the Dungeon.
You visited 1 branch of the dungeon, and saw 4 of its levels.

You collected 32 gold pieces.


Innate Abilities, Weirdness & Mutations

You are immune to sickness and miasma.
Your stone body is resilient. (AC +2)
You are immune to poison.
You resist negative energy. (rN+)
You are resistant to electric shocks. (rElec)
You are resistant to unholy torment.
You are immune to petrification.


   Skills:
 + Level 1.6 Fighting
 - Level 3.0 Ranged Weapons
 - Level 1.5 Dodging
 - Level 1.0 Spellcasting
 - Level 2.6 Hexes


You had 2 spell levels left.
You knew the following spells:

 Your Spells              Type           Power      Damage    Failure   Level
a - Slow                  Hex            28%        N/A       12%         1

Your spell library contained the following spells:

 Spells                   Type           Power      Damage    Failure   Level
 Inner Flame              Hex/Fire       4%         N/A       54%         3
 Portal Projectile        Hex/Tloc       8%         N/A       54%         3
 Cause Fear               Hex            3%         N/A       77%         4

Inventory:

Hand Weapons
 Y - a +1 sling (weapon)
Armour
 f - a +0 leather armour (worn)
Jewellery
 h - a ring of resist corrosion (left hand)
Scrolls
 g - a scroll of identify
Potions
 e - a potion of attraction {unknown}
 i - a potion of berserk rage {unknown}
 j - a potion of curing
 l - a potion of haste {unknown}

Dungeon Overview and Level Annotations

Branches:
Dungeon (4/15)
 Temple: D:4-7

Altars:
Okawaru

Annotations:
D:3 Ijyb


Message History

Where to? (* - list waypoints, Enter - D:2, ? - help)
What level of the Dungeon? (default 1, ? - help)
There is a stone staircase leading up here.
You climb upwards.
The orc shouts!
Found 13 gold pieces and a mace.
Found an iron altar of Okawaru.
Found an escape hatch in the ceiling.
Found a stone staircase leading down.
There is a stone staircase leading down here.
There are monsters nearby!
Waypoint 3 assigned to D:3.
691 ||| PLANNING OKAWARU WORSHIP You shoot a sling bullet.
The sling bullet closely misses the orc.
A bat comes into view.
The bat moves out of view.
You shoot a sling bullet. The sling bullet hits the orc.
The orc is heavily wounded.
You hear an angry hiss.
The orc hits you with a +0 hand axe.
You shoot a sling bullet.
The sling bullet closely misses the orc.
The sling bullet hits Ijyb but does no damage.
A frilled lizard comes into view.
The orc closely misses you.
You shoot a sling bullet. The sling bullet hits the orc.
You kill the orc!
Ijyb barely misses you. x2
You shoot a sling bullet. The sling bullet hits Ijyb.
Ijyb is moderately wounded.
The frilled lizard bites you but does no damage.
Ijyb hits you with a +4 dagger of electrocution.
You shoot a sling bullet. The sling bullet closely misses Ijyb.
The frilled lizard bites you but does no damage.
Ijyb hits you with a +4 dagger of electrocution!
Ijyb hits you but does no damage. The frilled lizard barely misses you.
You shoot a sling bullet.
The sling bullet completely misses Ijyb.
The frilled lizard bites you but does no damage.
Ijyb zaps a wand.
The puff of flame hits you.
You die...

# ### # #..#.##
.# ##.....##
..# ...#...#
.).#
#....$#...#
..##........##.
....>..@l.<....
..#.#...g.#....
##....# #
##..... #..P._.
#........
....###.# #.##.
..


You could see Ijyb and a frilled lizard.

Vanquished Creatures
  An orc (D:3)
  2 endoplasms (D:1)
  2 goblins (D:1)
  5 hobgoblins
  A kobold (D:1)
  A quokka (D:1)
  A frilled lizard (D:1)
  3 rats
16 creatures vanquished.

Notes
Turn   | Place    | Note
-------+----------+-------------------------------------------
     0 | D:1      | qw the Gargoyle Hexslinger began the quest for the Orb.
     0 | D:1      | Reached XP level 1. HP: 12/12 MP: 2/2
     0 | D:1      | 0 ||| qw: Version: 0.3-a-52-g30416fa
     0 | D:1      | 0 ||| qw: Game counter: 7828
     0 | D:1      | 0 ||| qw: Melee chars always use a shield: true
     0 | D:1      | 0 ||| qw: God list: Okawaru
     0 | D:1      | 0 ||| qw: Allow faded altars: false
     0 | D:1      | 0 ||| qw: Do Orc after clearing Dungeon:15 true
     0 | D:1      | 0 ||| qw: Do second Lair branch before Depths: true
     0 | D:1      | 0 ||| qw: Lair rune preference: random
     0 | D:1      | 0 ||| qw: Goals: Normal
     0 | D:1      | 0 ||| PLANNING D:1-11
   161 | D:1      | Reached XP level 2. HP: 14/16 MP: 3/3
   350 | D:1      | Reached skill level 3 in Ranged Weapons
   415 | D:1      | Found a faded altar of an unknown god.
   587 | D:1      | 587 ||| UPGRADING to +0 leather armour.
   597 | D:1      | 597 ||| DROPPING +0 robe.
   598 | D:1      | 598 ||| UPGRADING to ring of resist corrosion.
   599 | D:1      | 599 ||| READING 2 scrolls labelled WUOTOEWNIODO.
   600 | D:1      | 600 ||| READING 2 scrolls labelled YCAOJAA RIFA.
   601 | D:1      | 601 ||| READING scroll labelled LIECYLL ANUZAU.
   602 | D:1      | 602 ||| DRINKING 2 metallic pink potions.
   603 | D:1      | 603 ||| DROPPING scroll of blinking.
   604 | D:1      | 604 ||| DROPPING scroll of poison.
   661 | D:2      | You fall into a shaft and drop 2 floors!
   690 | D:3      | Noticed Ijyb
   690 | D:3      | Found an iron altar of Okawaru.
   691 | D:3      | 691 ||| PLANNING OKAWARU WORSHIP
   696 | D:3      | HP: 2/16 [Ijyb/+4 dagger of electrocution (7)]
   697 | D:3      | Killed from afar by Ijyb

Levels and vault maps discovered:
D:1:      mrwooster_arrival_arrow, layout_loops_cross,
          chequers_ecumenical_altar_simple_redux
D:2:      layout_basic, serial_corexii_hall, corexii_hall_statues_t,
          corexii_hall_statues_i, corexii_hall_statues_deadend
D:3:      layout_loops_cross, mainiacjoe_overflow_tiny_flanked,
          hangedman_glass_teeth, grunt_ministairs_10, uniq_crazy_yiuf_cottage,
          uniq_ijyb, uniq_natasha, uniq_pargi
D:4:      layout_basic, zin_academy, chequers_serial_rivers_micro_a

Skill      XL: |  1  2 |
---------------+-------+-----
Ranged Weapons | 3 |  3.0
Fighting       | |  1.6
Dodging        | |  1.5
Spellcasting   | |  1.0
Hexes          | |  2.6

Action                     || total
---------------------------++-------
   Fire: Sling             ||    51
    Use: Scroll            ||     3
         Potion            ||     1
 Armour: Robe              ||     3
         Leather armour    ||     5
  Dodge: Dodged            ||    14

Table legend:
 A = Non-vault XP
 B = Vault XP
 C = Vault XP percentage of total XP
 D = Non-vault monster count
 E = Vault monster count
 F = Vault count percentage of total count
                 A         B        C        D         E       F
            +---------+---------+-------+---------+---------+-------
      Total |      29 |       0 |   0.0 |      16 |       0 |   0.0
            +---------+---------+-------+---------+---------+-------
        D:1 |      22 |       0 |   0.0 |      12 |       0 |   0.0
        D:2 |       4 |       0 |   0.0 |       3 |       0 |   0.0
        D:3 |       3 |       0 |   0.0 |       1 |       0 |   0.0
            +---------+---------+-------+---------+---------+-------
